 Dungeon Crawl Stone Soup version 0.30-a0-778-g2ef04afb54 (webtiles) character file.

Game seed: 4255397009742431541

45 mopl the Sneak (level 3, 3/18 HPs)
             Began as a Vine Stalker Brigand on Feb 15, 2023.
             Quit the game on level 2 of the Dungeon.
             The game lasted 00:00:55 (705 turns).

mopl the Sneak (Vine Stalker Brigand)                Turns: 705, Time: 00:00:56

Health: 3/18       AC:  3    Str: 13    XL:     3   Next: 64%
Magic:  4/4        EV: 11    Int: 11    God:
Gold:   28         SH:  0    Dex: 17    Spells: 2/2 levels left

rFire   . . .      SeeInvis .    a - +2 dagger
rCold   . . .      Faith    .    (no shield)
rNeg    . . .      Spirit   +    b - +0 robe
rPois   .          Reflect  .    (helmet restricted)
rElec   .          Harm     .    c - +0 cloak
rCorr   .          Rampage  .    (no gloves)
Will    .....                    (no boots)
Stlth   +++                      (no amulet)
HPRegen 0.23/turn                (no ring)
MPRegen 0.09/turn                (no ring)

@: lethally poisoned (3 -> -1)
A: fangs 2, magic shield, antimagic bite, no potion heal 2, horns 2
a: no special abilities


You were on level 2 of the Dungeon.
You visited 1 branch of the dungeon, and saw 2 of its levels.

You collected 28 gold pieces.

Inventory:

Hand Weapons
 a - a +2 dagger (weapon)
Missiles
 d - 9 poisoned darts (quivered)
 e - 3 curare-tipped darts
Armour
 b - a +0 robe (worn)
 c - a +0 cloak (worn)
Scrolls
 k - a scroll of teleportation {unknown}
 l - a scroll of identify {unknown}
Potions
 f - a potion of ambrosia {unknown}
 g - a potion of invisibility {unknown}
 h - a potion of heal wounds {unknown}
 i - a potion of might {unknown}
 j - a potion of degeneration {unknown}


   Skills:
 - Level 1.7 Fighting
 + Level 2.4 Short Blades
 + Level 2.4 Throwing
 - Level 0.7 Dodging
 + Level 5.4 Stealth


You had 2 spell levels left.
You didn't know any spells.
Your spell library was empty.

Dungeon Overview and Level Annotations

Branches:
Dungeon (2/15)

Altars:


Innate Abilities, Weirdness & Mutations

You have extremely sharp teeth.
When hurt, damage is shared between your health and your magic reserves.
Your bite disrupts and absorbs the magic of your enemies.
Potions cannot restore your health.
You have a pair of horns on your head.


Message History

You are lethally poisoned!
The adder poisons you!
You barely miss the adder. You bite the adder. You drain its power.
You feel invigorated.
The adder is severely wounded.
You feel sick. The adder barely misses you.
You are too injured to fight recklessly!
You are too injured to fight recklessly!
You are too injured to fight recklessly!
You are too injured to fight recklessly!
You are too injured to fight recklessly!
You are too injured to fight recklessly!
You are too injured to fight recklessly!
You are too injured to fight recklessly!
You are too injured to fight recklessly!
You are too injured to fight recklessly!
You are too injured to fight recklessly!
You are too injured to fight recklessly!
You are too injured to fight recklessly!
You are too injured to fight recklessly!
You hit the adder.
You kill the adder!
You feel sick.
* * * LOW HITPOINT WARNING * * *
You feel sick.
You see here an adder corpse.
There is a lethal amount of poison in your body!
There is a lethal amount of poison in your body!
It was a potion of mutation.
You feel extremely strange.
You feel a little pissed off.
You feel resistant to poisons.
* * * LOW HITPOINT WARNING * * *
You feel sick.
Really quaff
m - a potion of mutation {!q}?
Really quaff the potion of mutation?
You feel extremely strange.
You feel a little more calm.
You feel less resistant to poisons. A pair of horns grows on your head!
The horns on your head grow some more.
* * * LOW HITPOINT WARNING * * *
You feel sick.
Are you sure you want to abandon this character and quit the game? (Confirm with "yes".)

#### #.. #
#.#####.#
########.......#
##..>#......@#
##.###..##.##.#
#..# #..##).......
#..###..##.#####.#
#.#...#.##.# #
#....##.##..
#.#####.####
###.#####.#
#.........#


There were no monsters in sight!

Vanquished Creatures
  A gnoll (D:1)
  An adder (D:2)
  A dart slug (D:1)
  3 ball pythons (D:1)
  2 endoplasms (D:1)
  4 goblins (D:1)
  A hobgoblin (D:1)
  2 jackals (D:1)
  A quokka (D:1)
  2 bats (D:1)
  A frilled lizard (D:1)
  3 kobolds
  2 rats (D:1)
24 creatures vanquished.

Notes
Turn   | Place    | Note
-------+----------+-------------------------------------------
     0 | D:1      | mopl the Vine Stalker Brigand began the quest for the Orb.
     0 | D:1      | Reached XP level 1. HP: 11/11 MP: 2/2
    78 | D:1      | Reached skill level 5 in Stealth
    88 | D:1      | Reached skill level 2 in Short Blades
    88 | D:1      | Reached skill level 2 in Throwing
    97 | D:1      | Reached XP level 2. HP: 13/15 MP: 3/3
   354 | D:1      | Reached XP level 3. HP: 8/18 MP: 1/4
   703 | D:2      | Gained mutation: You sometimes lose your temper in combat.
                  | [potion of mutation]
   703 | D:2      | Gained mutation: Your system is resistant to poisons.
                  | (rPois) [potion of mutation]
   704 | D:2      | Lost mutation: You sometimes lose your temper in combat.
                  | [potion of mutation]
   704 | D:2      | Lost mutation: Your system is resistant to poisons. (rPois)
                  | [potion of mutation]
   704 | D:2      | Gained mutation: You have a pair of small horns on your
                  | head. [potion of mutation]
   704 | D:2      | Gained mutation: You have a pair of horns on your head.
                  | [potion of mutation]
   705 | D:2      | Quit the game

Illustrated notes

Levels and vault maps discovered:
D:1:      ebering_trefoil_3fold, layout_basic
D:2:      layout_loops_cross, minmay_fractal_squares_5

Skill      XL: |  1 |
---------------+----+-----
Stealth        | 5 |  5.4
Short Blades   | 2 |  2.4
Throwing       | 2 |  2.4
Fighting       | |  1.7
Dodging        | |  0.7

Action                     || total
---------------------------++-------
  Melee: Dagger            ||    67
         Bite              ||    11
         Punch             ||     1
    Use: Potion            ||     2
   Stab: Sleeping          ||     9
 Armour: Robe              ||    17
  Dodge: Dodged            ||    37

Table legend: (Time is in decaauts)
 A = Elapsed time spent in this place.
 B = Non-inter-level travel time spent in this place.
 C = Inter-level travel time spent in this place.
 D = Time resting spent in this place.
 E = Time spent auto-exploring this place.
 F = Levels seen in this place.
 G = Mean time per level.
                   A        B        C        D        E       F      G
               +--------+--------+--------+--------+--------+-----+--------+
         Total |    697 |    683 |     14 |      0 |    536 |   2 |  348.5 |
       Dungeon |    697 |    683 |     14 |      0 |    536 |   2 |  348.5 |
               +--------+--------+--------+--------+--------+-----+--------+

Top non-repeatable levels by time:
     D:1: 662 daAuts
     D:2: 35 daAuts
